AoeStats
← jeifel

Black Forest

506528177Analyzed
1v1 RM · 19d ago on Sep 13, 2026· 48m 33s· 2 players
Game mode
Random Map
Map size
Tiny (2 player)
Population
200
Speed
Normal
Resources
Standard
Victory
Conquest
Starting age
Dark Age
Ending age
Imperial Age
RankedLock teamsTeams togetherTeam positionsShared explorationLock speedFull tech treeHidden civsTurbo modeCheats
Victory
Defeat
🇫🇷 Persians · France
908
+14
🇺🇸 Franks · United States
868
-14
jeifel
5:34 Loom
8:02 Loom
10:21 Feudal Age
13:19 Feudal Age
14:26 Double-Bit Axe
18:40 Castle Age
16:51 Gold Mining
17:49 Forging
19:08 Stone Mining
21:20 Iron Casting
20:51 Scale Barding Armor
21:48 Bow Saw
24:26 Husbandry
26:24 Wheelbarrow
27:53 Chain Barding Armor
27:34 Scale Mail Armor
28:45 Hand Cart
29:31 Ballistics
33:02 Imperial Age
33:07 Masonry
32:53 Murder Holes
34:02 Gold Shaft Mining
33:26 Cavalier
34:09 Chivalry
34:52 Plate Barding Armor
35:20 Conscription
35:42 Architecture
35:35 Paladin
37:00 Heavy Scorpion
40:01 Blast Furnace
41:44 Chemistry
42:48 Herbal Medicine
42:57 Pikeman
43:23 Gambesons
43:39 Squires
43:24 Arson
44:00 Chain Mail Armor
47:40 Halberdier
Pedro9.2
10:50 Feudal Age
11:16 Double-Bit Axe
11:39 Horse Collar
14:15 Gold Mining
19:29 Castle Age
18:31 Padded Archer Armor
18:22 Fletching
18:37 Scale Barding Armor
18:44 Forging
18:34 Stone Mining
20:02 Heavy Plow
21:46 Bow Saw
25:41 Fervor
26:35 Wheelbarrow
25:46 Loom
32:37 Imperial Age
30:27 Hand Cart
30:01 Town Watch
30:31 Squires
30:16 Gambesons
32:04 Arson
31:39 Pikeman
32:26 Thumb Ring
32:25 Husbandry
32:35 Bloodlines
34:24 Two-Man Saw
32:50 Heavy Camel Rider
34:58 Ballistics
35:39 Chemistry
35:01 Ballistics
35:13 Conscription
34:43 Crossbowman
35:49 Parthian Tactics
35:49 Town Patrol
35:14 Elite Skirmisher
36:49 Kamandaran
37:32 Gold Shaft Mining
38:01 Murder Holes
38:16 Masonry
38:29 Chain Barding Armor
38:45 Iron Casting
37:45 Light Cavalry
39:11 Guilds
40:19 Crop Rotation
40:22 Cavalier
40:23 Hussar
41:59 Citadels
43:20 Plate Barding Armor
43:45 Blast Furnace
42:45 Bodkin Arrow
43:56 Stone Shaft Mining
44:17 Savar
45:47 Halberdier
Connection lost

Rejoining the realm…

Still unreachable

The connection could not be restored.

Session expired

The server has moved on; the page needs a fresh start.